 Dungeon Crawl Stone Soup version 0.22.1-1-ga44c0e56f4 (webtiles) character file.

19 LLavrengius the Insei (level 2, 0/18 HPs)
             Began as an Octopode Transmuter on Nov 6, 2018.
             Succumbed to a goblin's poison
             ... on level 1 of the Dungeon.
             The game lasted 00:01:13 (255 turns).

LLavrengius the Insei (Octopode Transmuter)          Turns: 255, Time: 00:01:13

Health: 0/18       AC:  2    Str:  9    XL:     2   Next: 75%
Magic:  5/5        EV: 13    Int: 15    God:
Gold:   0          SH:  0    Dex: 12    Spells: 2/5 levels left

rFire    . . .     SeeInvis .     - Unarmed
rCold    . . .     Gourm    .   (no shield)
rNeg     . . .     Faith    .   (helmet restricted)
rPois    .         Spirit   .   (no amulet)
rElec    .         Reflect  .   (no ring)
rCorr    .         Harm     .   (no ring)
MR       .....                  (no ring)
Stlth    ++........             (no ring)
HPRegen  0.06/turn              (no ring)
MPRegen  0.09/turn              (no ring)
                                (no ring)
                                (no ring)

@: lethally poisoned (0 -> -9)
A: almost no armour, stealthy swim, amphibious, 8 rings, constrict 8, tentacle
spike 1, camouflage 1, shaggy fur 1, gelatinous body 1
a: no special abilities


You were on level 1 of the Dungeon.
You were not hungry.

You visited 1 branch of the dungeon, and saw 1 of its levels.

Inventory:

Missiles
 a - 12 arrows
Scrolls
 b - a scroll of identify {unknown}
Potions
 d - a potion of mutation
Comestibles
 c - 5 rations


   Skills:
 + Level 1.4 Fighting
 + Level 2.2 Dodging
 * Level 3.4 Unarmed Combat
 - Level 2.0 Spellcasting
 + Level 2.2 Transmutations


You had 2 spell levels left.
You knew the following spells:

 Your Spells              Type           Power        Failure   Level  Hunger
a - Beastly Appendage     Tmut           #.....       9%          1    #......
b - Sticks to Snakes      Tmut           #.......     13%         2    ###....

Your spell library contained the following spells:

 Spells                   Type           Power        Failure   Level  Hunger
 Spider Form              Tmut/Pois      #.........   38%         3    ###....
 Ice Form                 Ice/Tmut       #.......     80%         4    #####..
 Blade Hands              Tmut           #.........   94%         5    ######.


Dungeon Overview and Level Annotations

Branches:
Dungeon (1/15)

Altars:


Innate Abilities, Weirdness & Mutations

You cannot wear most types of armour.
You are very stealthy in the water. (Stealth+)
You are amphibious.
You can wear up to eight rings at the same time.
You can use your tentacles to constrict eight enemies at once.
Your skin changes colour to match your surroundings (Stealth+).
Your rubbery body absorbs attacks. (AC +1, EV +1)
One of your tentacles bears a spike.
You are covered in fur. (AC +1)


Message History

You feel sick.
It was a potion of mutation.
You feel extremely strange.
One of your lower tentacles grows a sharp spike.
Fur sprouts all over your body.
You feel sick.
* * * LOW HITPOINT WARNING * * *
You feel sick.
Found 8 gold pieces.
You see here a dagger of venom.
* * * LOW HITPOINT WARNING * * *
You feel sick.
You see here a potion of mutation.
There is a lethal amount of poison in your body!
* * * LOW HITPOINT WARNING * * *
You feel sick.
* * * LOW HITPOINT WARNING * * *
You feel sick.
* * * LOW HITPOINT WARNING * * *
You feel sick.
You die...

... #...##.# #####.##
$.#####.##.# .......
..##.......# .....#.#
.....#####.###### .......#
#.##.# #....... .≈≈≈≈≈≈≈ #.##.#
#....### '##♣###### #.##.#
#.##.#
'#≈♣≈#8..#≈######.##.#####.##[#
.##8##...#≈.....@.)......†.##.#
.....'...#≈######..##########.#
+#8###...# ##.# #.# +##♣##8.8#
#.# #.# ...≈♣##'## #.# #.#
....♣##.# #.# #.# .....#8.# #.#
♣≈...##.#≈# #.# 8♣...''.8♣


There were no monsters in sight!

Vanquished Creatures
  A dart slug (D:1)
  A leopard gecko (D:1)
  A giant cockroach (D:1)
  2 goblins (D:1)
  4 hobgoblins (D:1)
  3 bats (D:1)
  A jackal zombie (D:1)
  A leopard gecko zombie (D:1)
  A rat (D:1)
15 creatures vanquished.

Notes
Turn   | Place    | Note
-------+----------+-------------------------------------------
     0 | D:1      | LLavrengius the Octopode Transmuter began the quest for the
                  | Orb.
     0 | D:1      | Reached XP level 1. HP: 13/13 MP: 3/3
    83 | D:1      | Reached XP level 2. HP: 18/18 MP: 5/5
    87 | D:1      | Learned a level 2 spell: Sticks to Snakes
   247 | D:1      | Gained mutation: One of your tentacles bears a spike.
                  | [potion of mutation]
   247 | D:1      | Gained mutation: You are covered in fur. (AC +1) [potion of
                  | mutation]
   255 | D:1      | Succumbed to a goblin's poison

Action                   || total
-------------------------++-------
Melee: Unarmed           ||    30
       Constrict         ||    10
       Tentacles         ||     7
  Use: Potion            ||     1
 Stab: Sleeping          ||     2
Armor: Skin              ||     1
Dodge: Dodged            ||    13
